Arrhythmia, chaotic female vampiric Convict }}}}} ......!. ........ .......................... ....).........<.................. ........................j.............. ..........}}}}}}}}}}}}}}}}}}...b........ .....}}}}}}}}}}}}}}}}}}}}}}}}}}}....?.`.. ...}}}}}}}}}}}}}}}}}}}}}}}}}}}}}}}}....... ...}}}}}}}}}}}}}}}}}}}}}}}}}}}}}}}}........ ...}}}}}}}}}}}}}}}}}}}}}}}}}}}}}}}}a.. ..... .....}}}}}}}}}}}}}}}}}}}}}}}}}}}...... ...*.. ....!.....}}}}}}}}}}}}}}}}}}......a... ...... ..............*...................?... ..... ...............`..=............dZ.. ..} ................e.........YfdP ......:@@}}} }}}}}}}}}}} }}}}}}}}}} Arrhythmia the Jail-bird Experience level: 9 Strength: 13 Dexterity: 17 Constitution: 20 Intelligence: 9 Wisdom: 8 Charisma: 9 Health: 0(99) Energy: 11(11) AC: 0 Gold: 80 Moves: 4729 Your Inventory: Coins $ - 80 gold pieces Armor b - a cursed +0 striped shirt l - an uncursed +0 cloak of protection (being worn) s - an [uncursed] +0 elven mithril-coat (being worn) y - an [uncursed] +0 pair of hard shoes [iron] (being worn) Wands k - an uncursed wand of cancellation (0:4) r - an uncursed wand of light [0:12] Tools a - an uncursed [+0] unicorn horn A - an [uncursed +0] pick-axe Spells known in the end: Name Level Category Fail Memory Your skills at the end: Fighting Skills Weapon Skills sling [Basic / Skilled] Spellcasting Skills Final Attributes: You were piously aligned. Hunger level was 256. Your alignment was 33 / 33. Monster difficulty range was 1 - 9. Level difficulty was 10. You were immune to poison. You were immune to level-drain. You were immune to sickness. You were punished. You could fly. You could survive without air. You regenerated. Your luck was zero. You are dead. Vanquished creatures: 2 small mimics a quantum mechanic a wood golem a pyrolisk 2 shocking spheres a dwarf king a tengu a chameleon a cockatrice a lynx a panther an ice vortex a dwarf mummy 2 lizards a dwarf lord a gray unicorn a raven a plains centaur a gnome mummy a snake 4 apes 4 soldier ants a snow ant 2 Mordor orcs a rock piercer a pony 2 fog clouds a yellow light 5 elf zombies a giant ant a little dog a floating eye 7 rothes a giant bat a monkey 3 orc zombies 2 iguanas 9 killer bees an acid blob a coyote 2 hobbits 6 manes 3 giant rats a cave spider a brown mold a yellow mold a green mold a red mold 2 gnomes a garter snake 3 geckos 8 jackals a goblin 2 sewer rats 3 grid bugs 3 lichens 2 kobold zombies 3 newts 116 creatures vanquished. Voluntary challenges: You went without food. You never hit with a wielded weapon. You read items or engraved 10 times. You put on armor 16 times. You never genocided any monsters. You never polymorphed an object. You never changed form. You used no wishes. You abstained from Elbereth's help. You never encountered a bones level. You never used any Sokoban shortcuts. Dungeon overview: The Dungeons of Doom: levels 1 to 10 Level 1 a long staircase Level 3 (Zalgo mer is scare mons) an altar, a fountain Level 4 an armor shop, a fountain a long staircase Level 5 an altar, a fountain Level 6 (Shop has one water) a delicatessen, a fountain Level 7 many fountains Level 8 an altar, a fountain stairs to Sokoban Level 9 (Lepers and succ) a fountain Level 10 <- You were here Sokoban: Level 7 (This fucking level doesn't have a magic chest) stairs to The Dungeons of Doom History has recorded: On T:1 you entered the Dungeons of Doom to retrieve the Amulet of Yendor! On T:296 you reached level 2 of The Dungeons of Doom. On T:716 you advanced to experience level 2. On T:762 you advanced to experience level 3. On T:882 you reached level 3 of The Dungeons of Doom. On T:1219 you advanced to experience level 4. On T:1269 you reached level 4 of The Dungeons of Doom. On T:1411 you advanced to experience level 5. On T:1564 you advanced to experience level 6. On T:1716 you reached level 5 of The Dungeons of Doom. On T:2069 you reached level 6 of The Dungeons of Doom. On T:2201 you advanced to experience level 7. On T:3072 you advanced to experience level 8. On T:3205 you reached level 7 of The Dungeons of Doom. On T:3583 you reached level 8 of The Dungeons of Doom. On T:3748 you reached level 3 of Sokoban. On T:4062 you reached level 9 of The Dungeons of Doom. On T:4358 you reached level 10 of The Dungeons of Doom. On T:4701 you advanced to experience level 9. Latest messages: [HP-12=47] You hit the quantum mechanic. You bite the quantum mechanic. You kill the quantum mechanic! The ape hits! (2x) The ape misses. The soldier thrusts his short sword. The soldier hits! The jackal bites! [HP-12=35] You hit the lynx. You bite the lynx. The ape misses. The ape hits! The ape bites! The lynx hits! (2x) The lynx bites! The jackal bites! [HP-25=10] You hit the lynx. You bite the lynx. You feed on the lifeblood. The lynx suddenly seems weaker! The ape misses. (3x) The lynx misses. The lynx hits! The lynx bites! You die... (2x) Final status: Goodbye Arrhythmia the Convict... You died in The Dungeons of Doom on dungeon level 10 with 8968 points, and 80 pieces of gold, after 4729 moves. You were level 9 with a maximum of 99 hit points when you died.